 Dungeon Crawl Stone Soup version 0.31-a0-198-g2ad674f65e (webtiles) character file.

Game seed: 7572415006089940558

221 qw the Skirmisher (level 5, -6/29 HPs)
             Began as a Deep Elf Hunter on June 25, 2023.
             Mangled by a gnoll sergeant
             ... wielding a +0 spear
              (10 damage)
             ... on level 4 of the Dungeon.
             The game lasted 00:00:56 (2836 turns).

qw the Skirmisher (Deep Elf Hunter)                 Turns: 2836, Time: 00:00:57

Health: -6/29      AC:  3    Str: 10    XL:     5   Next: 65%
Magic:  7/7        EV: 13    Int: 14    God:
Gold:   281        SH:  0    Dex: 18    Spells: 4/4 levels left

rFire   . . .        Y - +0 shortbow (freeze)
rCold   . . .        (shield currently unavailable)
rNeg    + . .        c - +0 leather armour
rPois   .            (no helmet)
rElec   .            (no cloak)
rCorr   .            (no gloves)
SInv    .            (no boots)
Will    .....        (no amulet)
Stlth   ++           g - ring of positive energy
HPRegen 0.24/turn    (no ring)
MPRegen 0.10/turn

%: no passive effects
@: about to teleport
A: no striking features
a: no special abilities


You were on level 4 of the Dungeon.
You visited 1 branch of the dungeon, and saw 4 of its levels.

You collected 281 gold pieces.


   Skills:
 + Level 1.5 Fighting
 - Level 9.0 Ranged Weapons
 - Level 3.1 Dodging
 - Level 1.2 Stealth


You had 4 spell levels left.
You didn't know any spells.
Your spell library was empty.

Inventory:

Hand Weapons
 Y - a +0 shortbow of freezing (weapon)
Armour
 a - the +0 hat of the Kraken {rC- Str+2 Int+2}
   (You acquired it on level 2 of the Dungeon)

   Str:       It affects your strength (+2).
   Int:       It affects your intelligence (+2).
   rC:        It makes you vulnerable to cold.
 c - a +0 leather armour (worn)
Jewellery
 g - a ring of positive energy (left hand)
 i - a ring of protection from cold
Scrolls
 j - a scroll of identify
Potions
 b - a potion of haste
 d - a potion of curing {unknown}
 e - a potion of berserk rage {unknown}
 h - 2 potions of enlightenment
 k - a potion of heal wounds
 l - a potion of lignification {unknown}
 m - a potion of might {unknown}
 n - a potion of mutation {unknown}

Dungeon Overview and Level Annotations

Branches:
Dungeon (4/15)
 Temple: D:4-7

Altars:
Nemelex Xobeh


Message History

2774 ||| STILL FLEEEEING.
2775 ||| STILL FLEEEEING.
You start resting.
HP restored.
You see here a quokka corpse.
A gnoll is nearby!
Enter note:
Enter note:
Enter note: You shoot an arrow.
The gnoll shouts!
The arrow hits the gnoll.
The arrow freezes the gnoll.
The gnoll is heavily wounded.
You hear a shout!
You shoot an arrow. The arrow barely misses the gnoll.
An ice beast comes into view.
A gnoll sergeant comes into view. It is wielding a +0 spear.
You shoot an arrow. The arrow hits the ice beast.
The ice beast is lightly wounded.
You shoot an arrow.
The arrow hits the ice beast but does no damage.
The ice beast is lightly wounded.
You shoot an arrow. The arrow barely misses the ice beast.
The ice beast hits you. The ice beast freezes you!
You shoot an arrow.
The arrow hits the ice beast but does no damage.
The ice beast is lightly wounded.
The ice beast hits you but does no damage.
You shoot an arrow. The arrow hits the gnoll!
The arrow freezes the gnoll.
You kill the gnoll!
You hear a shout!
The ice beast hits you. The ice beast freezes you!
A gnoll comes into view. It is wielding a +0 spear.
Your Dodging skill increases to level 3!
2836 ||| READING scroll of teleportation.
As you read the scroll of teleportation, it crumbles to dust.
You feel strangely unstable.
A gnoll comes into view. It is wielding a +0 flail.
The gnoll sergeant hits you from afar with a +0 spear!
You die...

...######..###.ยค..#
##........# g
####.....# g. ##..###
... #..#
#...########### ##.#
#............# #.###
#.....%....># #...#
#.g)@......# ###..
##..Y......# ###
###........#
....).......#
##.......#############
##....).####.........
##.......%..########
#.....###### #######


You could see an ice beast, a gnoll sergeant and 2 gnolls.

Vanquished Creatures
  A killer bee (D:4)
  An orc priest (D:3)
  An orc wizard (D:3)
  2 gnolls (D:4)
  3 adders
  3 worms
  3 dart slugs
  2 orcs (D:3)
  7 endoplasms
  A giant cockroach (D:3)
  5 hobgoblins
  5 kobolds
  2 quokkas (D:4)
  6 ball pythons
  10 bats
  A frilled lizard (D:2)
  9 goblins
  4 rats
66 creatures vanquished.

Notes
Turn   | Place    | Note
-------+----------+-------------------------------------------
     0 | D:1      | qw the Deep Elf Hunter began the quest for the Orb.
     0 | D:1      | Reached XP level 1. HP: 12/12 MP: 3/3
     0 | D:1      | 0 ||| qw: Version: 0.3-a-22-g0ed2b0b
     0 | D:1      | 0 ||| qw: Game counter: 4909
     0 | D:1      | 0 ||| qw: Melee chars always use a shield: true
     0 | D:1      | 0 ||| qw: God list: Okawaru
     0 | D:1      | 0 ||| qw: Allow faded altars: false
     0 | D:1      | 0 ||| qw: Do Orc after clearing Dungeon:15 true
     0 | D:1      | 0 ||| qw: Do second Lair branch before Depths: true
     0 | D:1      | 0 ||| qw: Lair rune preference: random
     0 | D:1      | 0 ||| qw: Goals: Normal
     0 | D:1      | 0 ||| PLANNING D:1-11
     5 | D:1      | 5 ||| Stepping ~*~*~tactically~*~*~ (water).
   236 | D:1      | Reached skill level 6 in Ranged Weapons
   236 | D:1      | Reached XP level 2. HP: 16/16 MP: 4/4
   634 | D:1      | You fall into a shaft and drop 1 floor!
   730 | D:2      | Reached XP level 3. HP: 20/20 MP: 5/5
   899 | D:2      | 899 ||| UPGRADING to ring of positive energy.
   900 | D:2      | 900 ||| READING scroll labelled KENLECZ NIAKHLI.
   900 | D:2      | Identified a scroll of acquirement
   900 | D:2      | 900 ||| ACQUIRING +0 hat of the Kraken {rC- Str+2 Int+2}
   900 | D:2      | Acquired the +0 hat of the Kraken {rC- Str+2 Int+2}
   902 | D:2      | 902 ||| READING scroll labelled JOJANE QUMOISOOZ.
   903 | D:2      | 903 ||| READING scroll labelled PYAVURPHYTA.
   904 | D:2      | 904 ||| READING scroll labelled IPI OPNOMM.
   905 | D:2      | 905 ||| READING scroll labelled JAXYJA JUSE.
   920 | D:2      | 920 ||| READING scroll labelled PYSUAN AH VOJ.
   921 | D:2      | 921 ||| READING scroll labelled RUTEERCH HUGAO.
   922 | D:2      | 922 ||| DRINKING 3 silvery potions.
   923 | D:2      | 923 ||| DROPPING scroll of butterflies.
   945 | D:2      | 945 ||| FLEEEEING.
  1210 | D:1      | 1210 ||| READING scroll labelled RILOTW FEETT.
  1211 | D:1      | 1211 ||| READING scroll labelled NALLOFE WYMET.
  1480 | D:2      | Reached skill level 7 in Ranged Weapons
  1696 | D:2      | 1696 ||| DROPPING +6 ring of intelligence.
  1726 | D:3      | Found a faded altar of an unknown god.
  2205 | D:3      | Identified the +7 flail of the Unliving {vamp, rPois rN+}
  2232 | D:3      | Reached XP level 4. HP: 25/25 MP: 6/6
  2276 | D:3      | 2276 ||| FLEEEEING.
  2277 | D:3      | 2277 ||| FLEEEEING.
  2278 | D:3      | 2278 ||| FLEEEEING.
  2279 | D:3      | 2279 ||| FLEEEEING.
  2280 | D:3      | 2280 ||| FLEEEEING.
  2281 | D:3      | 2281 ||| FLEEEEING.
  2282 | D:3      | 2282 ||| FLEEEEING.
  2283 | D:3      | 2283 ||| FLEEEEING.
  2284 | D:3      | 2284 ||| FLEEEEING.
  2285 | D:3      | 2285 ||| FLEEEEING.
  2286 | D:3      | 2286 ||| FLEEEEING.
  2287 | D:3      | 2287 ||| FLEEEEING.
  2288 | D:3      | 2288 ||| FLEEEEING.
  2289 | D:3      | 2289 ||| FLEEEEING.
  2290 | D:3      | 2290 ||| FLEEEEING.
  2291 | D:3      | 2291 ||| FLEEEEING.
  2292 | D:3      | 2292 ||| FLEEEEING.
  2293 | D:3      | 2293 ||| FLEEEEING.
  2294 | D:3      | 2294 ||| FLEEEEING.
  2308 | D:3      | Reached skill level 8 in Ranged Weapons
  2561 | D:3      | 2561 ||| DROPPING ring of magical power.
  2562 | D:3      | 2562 ||| DRINKING 2 metallic golden potions.
  2563 | D:3      | 2563 ||| READING 2 scrolls of identify.
  2563 | D:3      | 2563 ||| IDENTIFYING murky grey potion
  2596 | D:4      | Found a sparkling altar of Nemelex Xobeh.
  2669 | D:4      | Reached XP level 5. HP: 29/29 MP: 7/7
  2751 | D:4      | Reached skill level 9 in Ranged Weapons
  2766 | D:4      | 2766 ||| FLEEEEING.
  2830 | D:4      | Noticed an ice beast
  2835 | D:4      | HP: 4/29 [ice beast (13)]
  2836 | D:4      | Reached skill level 3 in Dodging
  2836 | D:4      | 2836 ||| READING scroll of teleportation.
  2836 | D:4      | Mangled by a gnoll sergeant

Levels and vault maps discovered:
D:1:      reono_arrival_forest_river, layout_loops_corners, minmay_tetromino_t2
D:2:      layout_basic
D:3:      layout_basic, dreamdust_ecumenical_altar_grove
D:4:      layout_rooms, nzn_wu_jian_contemplation, makhleb_heckhound_becter,
          mainiacjoe_overflow_boulevard, minmay_manual_mandibuliform

Skill      XL: |  1  2  3  4  5 |
---------------+----------------+-----
Ranged Weapons | 6 7 8 9 |  9.0
Dodging        | 3 |  3.1
Fighting       | |  1.5
Stealth        | |  1.2

Action                     |  1- 3 |  4- 6 || total
---------------------------+-------+-------++-------
   Fire: Shortbow          |   127 |    49 ||   176
    Use: Scroll            |     9 |     2 ||    11
         Potion            |     1 |     1 ||     2
 Armour: Leather armour    |     7 |     5 ||    12
  Dodge: Dodged            |    14 |     5 ||    19

Table legend:
 A = Non-vault XP
 B = Vault XP
 C = Vault XP percentage of total XP
 D = Non-vault monster count
 E = Vault monster count
 F = Vault count percentage of total count
                 A         B        C        D         E       F
            +---------+---------+-------+---------+---------+-------
      Total |     244 |      72 |  22.8 |      64 |       2 |   3.0
            +---------+---------+-------+---------+---------+-------
        D:1 |      46 |       0 |   0.0 |      27 |       0 |   0.0
        D:2 |      21 |       0 |   0.0 |      10 |       0 |   0.0
        D:3 |     122 |       0 |   0.0 |      17 |       0 |   0.0
        D:4 |      55 |      72 |  56.7 |      10 |       2 |  16.7
            +---------+---------+-------+---------+---------+-------
